Map: Cactus Valley LE (Void)

Players

Fifr

  • Race: Zerg Zerg
  • Spawn Location: 7:00

Distrom - Winner!

  • Race: Protoss Protoss
  • League: Diamond
  • Spawn Location: 1:00

VOD

Have the link to the VOD?

Description

Time

  • Played on: March 11, 2017, 11:14 a.m.
  • Length: 11:22
Show
View Real Time Build Order
Export as new Build Order

Fifr Zerg 

Build Orders: Pool First 

Get SALT Encoding   

  12  0:27  Drone, Spawning Pool  
  12  0:28  Drone  
  12  0:31  Drone  
  14  0:45  Overlord  
  14  1:15  Zergling x6  
  17  1:22  Extractor  
  16  1:26  Extractor  
  16  1:28  Drone  
  16  1:38  Drone  
  17  1:50  Drone  
  18  2:03  Drone  
  19  2:29  Hatchery  
  18  2:32  Drone  
  18  2:33  Drone x2  
  21  2:42  Hatchery  
  20  2:44  Lair  
  20  2:47  Overlord  
  20  3:09  Drone x2  
  22  3:22  Drone  
  23  3:42  Drone  
  24  3:53  Drone  
  25  4:06  Spire  
  25  4:07  Drone x3  
  27  4:11  Drone  
  27  4:13  Drone x2  
  30  4:22  Extractor  
  29  4:24  Extractor  
  29  4:29  Queen  
  30  4:42  Queen  
  30  4:43  Drone  
  30  4:44  Drone x2  
  35  4:47  Drone  
  35  4:48  Drone x2  
  38  4:57  Spire  
  37  5:05  Queen  
  39  5:07  Drone  
  40  5:18  Queen  
  40  5:27  Spore Crawler  
  39  5:30  Spore Crawler  
  39  5:32  Zergling x6  
  33  5:37  Queen  
  33  5:39  Drone x3  
  33  6:01  Spore Crawler  
  32  6:06  Spire  
  32  6:08  Drone x2  
  33  6:12  Zergling x4  
  33  6:16  Zergling x2  
  32  6:45  Spore Crawler  
  31  6:50  Spore Crawler  
  31  6:53  Queen  
  32  7:05  Spore Crawler  
  32  7:06  Drone x2  
  32  7:07  Drone  
  26  7:40  Spire  
  26  7:43  Spire  
  24  7:49  Drone x2, Hydralisk Den  
  25  8:07  Drone x4  
  29  8:28  Drone  
  29  8:29  Drone x3  
  33  8:48  Drone x2  
  35  8:49  Drone  
  35  8:55  Overlord x3  
  37  9:07  Mutalisk x2  
  40  9:12  Mutalisk  
  40  9:16  Mutalisk x2  
  46  9:27  Drone x2  
  48  9:39  Extractor  
  34  10:31  Drone  
  34  10:32  Drone x2  
  37  10:47  Spore Crawler  
  37  10:49  Drone x3  
  39  10:51  Spore Crawler  
  40  11:03  Hatchery  
Show
View Real Time Build Order
Export as new Build Order

Distrom Protoss - Winner!

Build Orders: 1 Gate Expand, Oracle Opening 

Get SALT Encoding   

  12  0:00  Probe (Chrono Boost)  
  13  0:11  Probe (Chrono Boost)  
  14  0:22  Pylon  
  14  0:23  Probe (Chrono Boost)  
  15  0:40  Probe (Chrono Boost)  
  15  0:42  Gateway  
  16  0:45  Assimilator  
  16  0:50  Probe (Chrono Boost)  
  17  1:01  Probe (Chrono Boost)  
  18  1:11  Probe (Chrono Boost)  
  19  1:22  Probe (Chrono Boost)  
  20  1:31  Nexus  
  20  1:42  Cybernetics Core  
  19  1:50  Assimilator  
  19  1:54  Pylon  
  19  1:58  Probe (Chrono Boost)  
  20  2:08  Probe (Chrono Boost)  
  20  2:09  Pylon  
  21  2:19  Mothership Core (Chrono Boost)  
  23  2:29  Stargate  
  23  2:39  Probe (Chrono Boost)  
  24  2:45  Probe (Chrono Boost)  
  25  2:56  Probe x2 (Chrono Boost)  
  27  3:06  Pylon  
  27  3:07  Probe x2 (Chrono Boost)  
  27  3:08  Oracle  
  32  3:20  Assimilator  
  32  3:24  Pylon  
  32  3:25  Probe (Chrono Boost)  
  32  3:26  Probe (Chrono Boost)  
  34  3:34  Stargate  
  34  3:38  Probe x2 (Chrono Boost)  
  36  3:46  Oracle  
  38  3:48  Probe (Chrono Boost)  
  38  3:50  Probe (Chrono Boost)  
  41  4:00  Probe (Chrono Boost)  
  41  4:02  Probe (Chrono Boost)  
  42  4:04  Assimilator  
  42  4:06  Pylon  
  42  4:11  Probe (Chrono Boost)  
  42  4:14  Probe (Chrono Boost)  
  44  4:24  Oracle x2  
  44  4:27  Probe x2 (Chrono Boost)  
  52  4:45  Probe x2 (Chrono Boost)  
  54  4:55  Oracle x2  
  54  4:58  Probe x2 (Chrono Boost)  
  56  5:02  Pylon  
  56  5:04  Pylon  
  64  5:28  Probe x2 (Chrono Boost)  
  67  5:36  Oracle x2  
  71  5:44  Probe (Chrono Boost)  
  71  5:54  Nexus  
  71  5:56  Pylon  
  71  5:58  Assimilator  
  71  6:06  Probe x2 (Chrono Boost)  
  71  6:07  Oracle x2  
  73  6:12  Stargate  
  73  6:17  Pylon  
  79  6:20  Probe x2 (Chrono Boost)  
  78  6:45  Oracle  
  78  6:46  Oracle  
  81  6:49  Probe x2 (Chrono Boost)  
  83  7:19  Oracle x2  
  83  7:20  Oracle  
  89  7:39  Probe (Chrono Boost)  
  89  7:40  Probe x2 (Chrono Boost)  
  89  7:43  Assimilator  
  92  7:45  Pylon  
  92  7:48  Pylon  
  92  7:53  Fleet Beacon  
  92  7:56  Pylon  
  92  7:58  Pylon  
  95  7:59  Probe x2 (Chrono Boost)  
  95  8:00  Probe (Chrono Boost)  
  95  8:10  Oracle  
  95  8:11  Oracle x2  
  98  8:21  Probe x3 (Chrono Boost)  
  98  8:33  Nexus  
  98  8:35  Pylon  
  98  8:37  Pylon  
  98  8:40  Stargate, Assimilator  
  98  8:44  Assimilator  
  98  8:45  Pylon  
  98  8:47  Pylon  
  98  8:48  Pylon, Carrier x2  
  104  8:50  Carrier  
  104  8:57  Pylon  
  104  8:59  Pylon  
  116  9:11  Probe (Chrono Boost)  
  117  9:26  Carrier, Probe (Chrono Boost)  
  117  9:27  Probe x2 (Chrono Boost)  
  117  10:02  Graviton Catapult  
  118  10:08  Probe x4 (Chrono Boost)  
  131  10:43  Probe x4 (Chrono Boost)  
  131  10:55  Probe x2 (Chrono Boost)  
  131  10:56  Probe x2 (Chrono Boost)  
  135  10:58  Nexus  
  135  10:59  Pylon  
  135  11:01  Pylon  
  135  11:02  Pylon  
  141  11:04  Pylon  
  141  11:07  Pylon, Probe (Chrono Boost)  
  141  11:08  Assimilator  
  142  11:14  Assimilator  
Tags
 
Add a new tag
Caveats
  • Supply blocks, unpowered buildings, or Contaminate may cause inaccurate times.
  • Supply counts are checked every 10 seconds.